Map: 킹스 코브 - 래더

Players

Patience - Winner!

  • Race: Protoss Protoss
  • Spawn Location: 5:00

Creator

  • Race: Protoss Protoss
  • Spawn Location: 11:00

Event: IEM Season 13: Katowice (2019)

VOD

Have the link to the VOD?

Description

Time

  • Played on: Feb. 28, 2019, 5:24 a.m.
  • Length: 11:03

All games in this series

Show
View Real Time Build Order
Export as new Build Order

Patience Protoss - Winner!

Build Orders: Oracle Opening 

Get SALT Encoding   

  12  0:00  Probe  
  13  0:12  Probe  
  14  0:18  Pylon  
  14  0:23  Probe  
  15  0:32  Probe  
  15  0:38  Gateway  
  15  0:40  Probe  
  16  0:46  Assimilator  
  17  0:51  Probe  
  17  0:55  Assimilator  
  18  0:59  Probe  
  19  1:07  Probe  
  19  1:09  Gateway  
  20  1:18  Probe  
  21  1:26  Cybernetics Core  
  21  1:30  Probe  
  22  1:37  Pylon  
  22  1:42  Probe  
  23  1:57  Pylon  
  24  2:05  Adept x2  
  28  2:10  Warp Gate  
  28  2:11  Probe  
  28  2:23  Stargate  
  28  2:31  Pylon  
  28  2:35  Probe  
  28  2:56  Probe  
  33  2:59  Oracle  
  33  3:03  Pylon  
  36  3:18  Probe  
  37  3:23  Nexus  
  33  3:27  Oracle  
  33  3:34  Probe  
  37  3:41  Robotics Facility  
  37  3:46  Probe  
  38  3:58  Probe  
  37  4:10  Probe  
  37  4:17  Forge  
  36  4:18  Probe  
  37  4:24  Shield Battery  
  37  4:26  Probe  
  37  4:30  Sentry  
  37  4:31  Sentry  
  42  4:34  Immortal  
  42  4:38  Probe  
  47  4:41  Probe  
  48  4:49  Protoss Ground Weapons Level 1  
  48  4:50  Probe  
  49  4:53  Probe  
  50  5:02  Probe  
  50  5:06  Gateway  
  51  5:07  Probe  
  51  5:08  Pylon  
  51  5:10  Immortal  
  52  5:19  Probe  
  52  5:21  Probe  
  58  5:24  Assimilator  
  58  5:28  Assimilator  
  58  5:33  Probe x2  
  58  5:36  Adept  
  58  5:40  Stalker, Phoenix  
  63  5:51  Probe  
  64  5:57  Probe  
  64  6:02  Warp Prism  
  67  6:07  Probe  
  67  6:10  Pylon  
  67  6:11  Probe  
  69  6:20  Pylon  
  69  6:21  Twilight Council  
  69  6:31  Protoss Ground Weapons Level 2  
  69  6:32  Probe x2  
  71  6:34  Gateway  
  71  6:37  Gateway  
  72  6:40  Observer  
  72  6:46  Gateway x2  
  72  6:50  Gateway  
  72  7:06  Charge  
  69  7:18  Nexus  
  69  7:22  Pylon  
  69  7:33  Templar Archives  
  69  7:39  Zealot x3  
  69  7:40  Zealot x3  
  81  7:50  Pylon  
  81  7:58  Pylon  
  81  7:59  Pylon  
  81  8:06  Zealot x2  
  81  8:10  High Templar x4  
  93  8:15  Pylon, Archon x2  
  93  8:16  Pylon, High Templar, Colossus  
  93  8:17  High Templar  
  97  8:21  Archon  
  97  8:34  Zealot x2  
  101  8:47  Probe x3  
  104  8:50  Immortal  
  104  8:53  High Templar x2  
  104  8:54  Zealot x5  
  122  8:58  Archon  
  122  8:59  Zealot  
  116  9:15  Zealot x4  
  98  9:17  Zealot x2  
  90  9:26  Zealot  
  90  9:27  Zealot  
  82  9:33  Zealot  
  82  9:36  Zealot, Observer  
  82  9:37  Zealot  
  82  9:38  Zealot  
  86  9:47  High Templar x4  
  86  9:48  Zealot  
  86  9:51  Archon x2  
  94  10:14  Zealot x2  
  94  10:15  Zealot x2  
  94  10:19  Zealot x3  
  94  10:20  Zealot  
  104  10:27  Probe x3  
  101  10:32  Zealot  
  101  10:33  Observer  
  104  10:36  Zealot  
  104  10:37  Zealot x4  
  114  10:51  Zealot x3  
  114  10:53  Zealot x2  
  124  10:59  Zealot x3  
Show
View Real Time Build Order
Export as new Build Order

Creator Protoss 

Build Orders: Phoenix Opening, Zealot Archon 

Get SALT Encoding   

  12  0:00  Probe  
  13  0:12  Probe  
  14  0:18  Pylon  
  14  0:24  Probe  
  15  0:32  Probe  
  15  0:38  Gateway  
  15  0:40  Probe  
  16  0:46  Assimilator  
  17  0:51  Probe  
  17  0:55  Assimilator  
  18  0:59  Probe  
  19  1:07  Gateway  
  19  1:08  Probe  
  19  1:17  Probe  
  20  1:25  Cybernetics Core  
  21  1:29  Probe  
  22  1:35  Pylon  
  22  1:41  Probe  
  23  1:53  Probe  
  24  2:02  Warp Gate, Sentry, Stalker  
  28  2:11  Pylon  
  28  2:28  Stalker  
  30  2:32  Stalker  
  30  2:35  Phoenix  
  32  2:52  Nexus  
  32  2:56  Probe  
  33  3:07  Robotics Facility  
  32  3:13  Shield Battery  
  32  3:17  Sentry x2  
  36  3:22  Shield Battery  
  36  3:25  Probe  
  37  3:37  Probe  
  37  3:39  Forge  
  38  3:52  Probe  
  38  3:53  Shield Battery  
  39  3:57  Warp Prism  
  35  4:05  Probe  
  35  4:06  Stalker  
  40  4:11  Stalker  
  40  4:16  Protoss Ground Weapons Level 1  
  42  4:21  Probe x2  
  44  4:31  Observer  
  41  4:34  Probe x2  
  41  4:37  Stalker  
  46  4:42  Probe x2  
  46  4:50  Probe x2  
  48  4:53  Pylon  
  50  5:00  Probe  
  50  5:01  Probe  
  52  5:10  Probe x2  
  52  5:11  Adept x2  
  58  5:17  Twilight Council  
  58  5:19  Probe  
  58  5:21  Observer  
  59  5:22  Probe  
  59  5:23  Pylon  
  61  5:37  Probe  
  61  5:38  Probe  
  63  5:46  Probe, Pylon  
  63  5:49  Probe  
  64  5:53  Pylon  
  64  5:55  Probe, Charge  
  65  5:59  Protoss Ground Weapons Level 2  
  65  6:00  Nexus  
  65  6:01  Probe  
  67  6:07  Probe  
  67  6:08  Assimilator  
  67  6:10  Assimilator  
  67  6:11  Pylon  
  68  6:20  Stalker x2  
  72  6:26  Probe x2  
  72  6:29  Observer  
  74  6:37  Gateway  
  74  6:41  Gateway  
  74  6:42  Gateway  
  74  6:43  Immortal  
  74  6:46  Templar Archives  
  74  7:01  Gateway  
  76  7:04  Probe  
  76  7:05  Probe  
  76  7:07  Gateway  
  76  7:15  Gateway  
  76  7:19  Probe x2  
  78  7:22  Immortal  
  78  7:24  Zealot x2  
  84  7:39  Zealot x2  
  84  7:43  High Templar  
  90  7:45  High Templar  
  90  7:49  Archon  
  92  7:52  Observer  
  92  7:54  High Templar  
  92  7:55  Warp Prism  
  92  7:56  Shield Battery  
  92  7:58  Protoss Ground Armor Level 1  
  94  8:01  High Templar  
  94  8:02  Zealot  
  94  8:04  Shield Battery  
  100  8:09  Archon  
  100  8:16  Zealot x2  
  104  8:22  Zealot  
  104  8:23  Sentry  
  106  8:27  Zealot  
  106  8:32  Observer  
  106  8:35  Pylon  
  106  8:41  Probe x3  
  109  8:43  Pylon  
  109  8:55  Zealot x2, High Templar x2  
  117  8:59  Archon  
  117  9:03  Zealot x4, Pylon x2  
  121  9:16  Zealot x2  
  87  9:24  Zealot x3  
  87  9:30  Zealot x3  
  81  9:38  Zealot x2  
  73  9:45  High Templar x3  
  79  9:49  Archon  
  79  9:50  Zealot x2, High Templar  
  85  9:55  Zealot  
  85  9:56  Archon  
  87  10:09  Zealot x2  
  85  10:15  Zealot x2  
  85  10:20  Zealot  
  79  10:27  Zealot  
  44  10:39  High Templar x2  
  45  10:44  Sentry, Archon  

Tags
 
Add a new tag
Caveats
  • Supply blocks, unpowered buildings, or Contaminate may cause inaccurate times.
  • Supply counts are checked every 10 seconds.